 Dungeon Crawl Stone Soup version 0.24.0-1-gfbc8707 (webtiles) character file.

Game seed: 14467051723924513813, levelgen mode: deterministic

606040 DrEnzyme the Hoplite (level 27, -1/197 HPs)
             Began as a Formicid Wanderer on Nov 13, 2019.
             Was the Champion of Ru.
             Killed from afar by an electric golem (9 damage)
             ... with a bolt of lightning
             ... on level 5 of the Realm of Zot on Nov 19, 2019.
             The game lasted 04:31:51 (99567 turns).

DrEnzyme the Hoplite (Formicid Wanderer)           Turns: 99567, Time: 04:31:51

Health: -1/197     AC: 40    Str: 34 (40) XL:     27
Magic:  34/34      EV:  2    Int:  7 (13) God:    Ru [******]
Gold:   3786       SH:  0    Dex: -1 (6)  Spells: 24/26 levels left

rFire    + . .     SeeInvis +   v - +7 great mace "Soydduhu" {freeze, Fragile rC++ Str+2 Int+3}
rCold    + + +     Gourm    .   y - +2 shield of Resistance {rF+ rC+ MR+}
rNeg     + + +     Faith    .   N - +10 plate armour {rF+}
rPois    .         Spirit   .   (helmet unavailable)
rElec    +         Reflect  +   M - +2 cloak of the Thief {+Fog Slay-2 SInv Stlth+}
rCorr    .         Harm     .   l - +2 pair of gloves {Str+3}
MR       +++++                  j - +2 pair of boots
Stlth    ..........             e - +5 amulet of reflection
HPRegen  0.42/turn              R - ring "Kilysile" {*Drain rN+++ MR++ Str+4}
MPRegen  0.24/turn              u - ring of Darkness {Ice +Blink rElec Dex-3}

@: exhausted, slowed, lost dexterity, lightly drained, very slow
A: permanent stasis, dig shafts and tunnels, four strong arms, antennae 3, dopey
1, frail 1, mutation resistance 1, no stealth, no fire magic, no necromancy
magic, no translocations magic, reduced EV 1, unskilled 1
}: 3/15 runes: serpentine, barnacled, slimy
a: Dig, Shaft Self, Draw Out Power, Power Leap, Apocalypse, Renounce Religion,
Evoke Fog


You were on level 5 of the Realm of Zot.
You worshipped Ru.
Ru was exalted by your worship.
You were not hungry.

You visited 11 branches of the dungeon, and saw 53 of its levels.
You visited 1 bazaar.
You also visited: Gauntlet and Volcano.

You collected 6901 gold pieces.
You spent 3115 gold pieces at shops.

Inventory:

Hand Weapons
 a - a +4 great mace of flaming
 v - the +7 great mace "Soydduhu" (weapon) {freeze, Fragile rC++ Str+2 Int+3}
   (You found it on level 3 of the Elven Halls)

   It has been specially enchanted to freeze those struck by it, causing extra
   injury to most foes and up to half again as much damage against particularly
   susceptible opponents.
   It can also slow down cold-blooded creatures.
   It affects your strength (+2).
   It affects your intelligence (+3).
   It greatly protects you from cold.
   It will be destroyed if unequipped.
 V - a +4 great mace of electrocution
Missiles
 J - 22 javelins (quivered)
 Y - 46 silver javelins
Armour
 b - the +0 pair of gloves "Ovycer Useob" {rElec rPois Str-5 Stlth-}
   (You found it on level 3 of the Depths)

   It affects your strength (-5).
   It insulates you from electricity.
   It protects you from poison.
   It makes you less stealthy.
 j - a +2 pair of boots (worn)
 l - a +2 pair of gloves of strength (worn)
 y - the +2 shield of Resistance (worn) {rF+ rC+ MR+}
   (You found it in a Gauntlet)

   It protects you from fire.
   It protects you from cold.
   It affects your resistance to hostile enchantments.
 M - the +2 cloak of the Thief (worn) {+Fog Slay-2 SInv Stlth+}
   (You bought it in a shop on level 2 of the Orcish Mines)

   It affects your accuracy and damage with ranged weapons and melee attacks
   (-2).
   It lets you see invisible.
   It makes you more stealthy.
 N - a +10 plate armour of fire resistance (worn)
Jewellery
 e - a +5 amulet of reflection (around neck)
 m - an uncursed ring of flight
 r - an uncursed ring of resist corrosion
 u - the ring of Darkness (right hand) {Ice +Blink rElec Dex-3}
   (You found it on level 1 of the Shoals)

   [ring of ice]

   It enhances your ice magic.
   It affects your dexterity (-3).
   It makes you vulnerable to fire.
   It protects you from cold.
   It insulates you from electricity.
   It lets you blink.
 x - the ring of Olucsuuk {MR+ Int+2 Slay+3 Stlth+}
   (You bought it in a shop on level 2 of the Snake Pit)

   [ring of protection from magic]

   It affects your intelligence (+2).
   It affects your accuracy and damage with ranged weapons and melee attacks
   (+3).
   It affects your resistance to hostile enchantments.
   It makes you more stealthy.
 Q - an uncursed ring of poison resistance
 R - the ring "Kilysile" (left hand) {*Drain rN+++ MR++ Str+4}
   (You found it on level 6 of the Lair of Beasts)

   [ring of strength]

   It affects your strength (+4).
   It renders you almost immune to negative energy.
   It affects your resistance to hostile enchantments.
   It causes draining when unequipped.
 Z - the ring of Zin's Condemnation {rN+++ MP+9 AC+2 Dex+6}
   (You took it off a fire giant on level 4 of the Depths)

   [ring of protection]

   It affects your AC (+2).
   It affects your dexterity (+6).
   It renders you almost immune to negative energy.
   It affects your magic capacity (+9).
Wands
 g - a wand of acid (1)
 h - a wand of clouds (12)
 o - a wand of iceblast (47)
 A - a wand of digging (12)
 C - a wand of scattershot (19)
Scrolls
 d - 32 scrolls of remove curse
 i - 10 scrolls of identify
 k - 10 scrolls of fear
 n - 6 scrolls of immolation
 p - 11 scrolls of amnesia
 s - 2 scrolls of fog
 t - a scroll of enchant weapon
 D - 2 scrolls of brand weapon
 T - a scroll of holy word
Potions
 c - a potion of curing
 q - 4 potions of magic
 z - 9 potions of brilliance
 G - 6 potions of mutation
 W - 3 potions of invisibility
Miscellaneous
 w - a lightning rod (4/4)
 F - 6 sacks of spiders
 P - a phial of floods
 U - 2 boxes of beasts
Comestibles
 f - 40 rations


   Skills:
 * Level 18.5(17.8) Fighting
   Level 1.6(14.0) Axes
 * Level 21.5(20.7) Maces & Flails
   Level 0.8(0.3) Crossbows
 * Level 8.5(7.9) Throwing
 * Level 20.1(19.2) Armour
 + Level 8.3(7.7) Dodging
 * Level 25.2(24.3) Shields
 * Level 15.6(14.9) Evocations


You had 24 spell levels left.
You knew the following spells:

 Your Spells              Type           Power        Failure   Level  Hunger
a - Sticks to Snakes      Tmut           #.......     95%         2    ###....

Your spell library contained the following spells:

 Spells                   Type           Power        Failure   Level  Hunger
 Beastly Appendage        Tmut           #.....       86%         1    ##.....
 Confusing Touch          Hex            #.....       86%         1    ##.....
 Corona                   Hex            #......      86%         1    ##.....
 Freeze                   Ice            #...         86%         1    ##.....
 Magic Dart               Conj           #...         86%         1    ##.....
 Sting                    Conj/Pois      #...         86%         1    ##.....
 Summon Butterflies       Summ           #.......     86%         1    ##.....
 Summon Small Mammal      Summ           #...         86%         1    ##.....
 Ensorcelled Hibernation  Hex/Ice        #.....       95%         2    ###....
 Passwall                 Tmut/Erth      #.......     95%         2    ###....
 Poisonous Vapours        Pois/Air       #.....       95%         2    ###....
 Searing Ray              Conj           #.....       95%         2    ###....
 Slow                     Hex            #.......     95%         2    ###....
 Swiftness                Chrm/Air       #.......     95%         2    ###....
 Throw Frost              Conj/Ice       #.....       95%         2    ###....
 Call Canine Familiar     Summ           #.......     99%         3    ####...
 Confuse                  Hex            #.......     99%         3    ####...
 Dazzling Spray           Conj/Hex       #.....       99%         3    ####...
 Mephitic Cloud           Conj/Pois/Air  #.......     99%         3    ####...
 Ozocubu's Armour         Chrm/Ice       #.......     99%         3    ####...
 Spider Form              Tmut/Pois      #.........   99%         3    ####...
 Static Discharge         Conj/Air       #.......     99%         3    ####...
 Stone Arrow              Conj/Erth      #.....       99%         3    ####...
 Summon Guardian Golem    Hex/Summ       #.......     99%         3    ####...
 Cause Fear               Hex            #.........   100%        4    #####..
 Fulminant Prism          Conj/Hex       #.........   100%        4    #####..
 Ice Form                 Ice/Tmut       #.......     100%        4    #####..
 Iskenderun's Mystic Bla  Conj           #.......     100%        4    #####..
 Leda's Liquefaction      Hex/Erth       #.........   100%        4    #####..
 Olgreb's Toxic Radiance  Pois           #.......     100%        4    #####..
 Petrify                  Tmut/Erth      #.......     100%        4    #####..
 Summon Ice Beast         Ice/Summ       #.......     100%        4    #####..
 Summon Lightning Spire   Summ/Air       #.......     100%        4    #####..
 Throw Icicle             Conj/Ice       #.......     100%        4    #####..
 Blade Hands              Tmut           #.........   100%        5    ######.
 Irradiate                Conj/Tmut      #.........   100%        5    ######.
 Iskenderun's Battlesphe  Conj/Chrm      #.......     100%        5    ######.
 Lee's Rapid Deconstruct  Erth           #.........   100%        5    ######.
 Lightning Bolt           Conj/Air       #.........   100%        5    ######.
 Metabolic Englaciation   Hex/Ice        #.........   100%        5    ######.
 Silence                  Hex/Air        #.........   100%        5    ######.
 Summon Mana Viper        Hex/Summ       #.......     100%        5    ######.
 Venom Bolt               Conj/Pois      #.........   100%        5    ######.
 Yara's Violent Unravell  Hex/Tmut       #.........   100%        5    ######.
 Bolt of Cold             Conj/Ice       #.........   100%        6    #######
 Conjure Ball Lightning   Conj/Air       #.........   100%        6    #######
 Darkness                 Hex            #.........   100%        6    #######
 Deflect Missiles         Chrm/Air       #.........   100%        6    #######
 Freezing Cloud           Conj/Ice/Air   #.........   100%        6    #######
 Hydra Form               Tmut           #.........   100%        6    #######
 Invisibility             Hex            #.......     100%        6    #######
 Iron Shot                Conj/Erth      #.........   100%        6    #######
 Ozocubu's Refrigeration  Ice            #.........   100%        6    #######
 Poison Arrow             Conj/Pois      #.........   100%        6    #######
 Statue Form              Tmut/Erth      #........    100%        6    #######
 Dragon Form              Tmut           #.........   100%        7    #######
 Orb of Destruction       Conj           #.........   100%        7    #######
 Spellforged Servitor     Conj/Summ      #.........   100%        7    #######
 Summon Hydra             Summ           #.........   100%        7    #######
 Chain Lightning          Conj/Air       #.........   100%        8    #######
 Discord                  Hex            #.........   100%        8    #######
 Lehudib's Crystal Spear  Conj/Erth      #.........   100%        8    #######
 Glaciate                 Conj/Ice       #.........   100%        9    #######
 Shatter                  Erth           #.........   100%        9    #######
 Tornado                  Air            #.........   100%        9    #######
 Animate Skeleton         Necr           Unusable     N/A         1    N/A
 Apportation              Tloc           Unusable     N/A         1    N/A
 Flame Tongue             Conj/Fire      Unusable     N/A         1    N/A
 Corpse Rot               Necr           Unusable     N/A         2    N/A
 Throw Flame              Conj/Fire      Unusable     N/A         2    N/A
 Conjure Flame            Conj/Fire      Unusable     N/A         3    N/A
 Gell's Gravitas          Tloc           Unusable     N/A         3    N/A
 Inner Flame              Hex/Fire       Unusable     N/A         3    N/A
 Portal Projectile        Hex/Tloc       Unusable     N/A         3    N/A
 Force Lance              Conj/Tloc      Unusable     N/A         4    N/A
 Passage of Golubria      Tloc           Unusable     N/A         4    N/A
 Sticky Flame             Conj/Fire      Unusable     N/A         4    N/A
 Bolt of Magma            Conj/Fire/Erth Unusable     N/A         5    N/A
 Borgnjor's Vile Clutch   Necr/Erth      Unusable     N/A         5    N/A
 Fireball                 Conj/Fire      Unusable     N/A         5    N/A
 Summon Forest            Summ/Tloc      Unusable     N/A         5    N/A
 Simulacrum               Ice/Necr       Unusable     N/A         6    N/A
 Ring of Flames           Chrm/Fire      Unusable     N/A         7    N/A
 Ignition                 Fire           Unusable     N/A         8    N/A
 Fire Storm               Conj/Fire      Unusable     N/A         9    N/A

Dungeon Overview and Level Annotations

Branches:
Dungeon (15/15)            Temple (1/1) D:6            Lair (6/6) D:9
 Shoals (4/4) Lair:3        Snake (4/4) Lair:3        Slime (5/5) Lair:6
    Orc (2/2) D:11            Elf (3/3) Orc:2        Vaults (3/5) D:13
  Crypt (0/3) Vaults:2     Depths (5/5) D:15            Zot (5/5) Depths:5
Volcano (visited)         Gauntlet (visited)

Altars:
Ashenzari
Cheibriados
Dithmenos
Elyvilon
Fedhas
Gozag
Hepliaklqana
Kikubaaqudgha
Makhleb
Nemelex Xobeh
Okawaru
Qazlal
Ru
Sif Muna
Trog
Uskayaw
Vehumet
Wu Jian
Xom
Yredelemnul
Zin
The Shining One
Beogh

Shops:
D:6 !   D:10 =   Orc:2 (=[*   Elf:2 :   Elf:3 :   Shoals:2 (}[   Shoals:3 =
Snake:1 =(   Snake:2 ===}

Portals:
Hell: Depths:1 Depths:2 Depths:3 Depths:4 Depths:5
Abyss: Depths:1 Depths:2 Depths:4 Depths:5
Pandemonium: Depths:3
Ziggurat: Depths:4

Annotations:
D:3 exclusion: door
D:4 Grinder
D:5 exclusion: downstairs
D:7 exclusion: upstairs
D:13 exclusion: downstairs
Lair:3 3 runed translucent doors, exclusion: 3 doors, centipede's ghost, journeyman DrWz
Shoals:2 exclusion: downstairs
Shoals:3 1 runed translucent door, exclusion: downstairs, moogleknight's ghost, adept TrMo
Shoals:4 Donald
Vaults:2 exclusion: orange crystal statue
Depths:4 exclusion: downstairs
Zot:5 1 runed translucent door, wilo's ghost, master MfBe


Innate Abilities, Weirdness & Mutations

You cannot be hasted, slowed, berserked, paralysed or teleported.
You can dig through walls and to a lower floor.
Your four strong arms can wield two-handed weapons with a shield.
You have a pair of large antennae on your head. (SInv)
You are dopey. (Int -2)
You are frail. (-10% HP)
You cannot be stealthy.
You cannot study or cast Fire magic.
You cannot study or cast Necromancy magic.
You cannot study or cast Translocations magic.
You have somewhat slow reflexes. (EV -5)
You are somewhat unskilled. (-1 Apt)
You are somewhat resistant to further mutation.


Message History

You focus your will and blind the Killer Klown in retribution!
The electric golem begins to attack, but is stunned by your will!
The Killer Klown is stunned by your will and fails to attack.
The electric golem hits you but does no damage. x4
Okay, then.
Okay, then.
Press: ? - help, v - describe, . - travel
Here: an electric golem (moderately damaged)
A net trap.
You feel better.
The electric golem hits you but does no damage. x2
The electric golem hits you.
* * * LOW HITPOINT WARNING * * *
The electric golem hits you but does no damage.
The Killer Klown begins to attack, but is stunned by your will!
The electric golem hurls lightning at you.
The bolt of lightning hits you. You resist.
* * * LOW HITPOINT WARNING * * *
The bolt of lightning hits you! You resist.
You die...

*▓▓▓▓▓▓▓* ▓ ,.......▓▓▓▓ ▓▓▓▓
,.(.8......▓▓▓ ▓▓▓...
,............▓▓ ▓▓.....
,.............▓ ▓▓▓▓▓▓▓▓▓ ▓§.....
,.........§§.{▓▓▓..^....▓▓▓......
,......§§§§§{.▓▓@........▓▓^.....
,.....p..§§§§§▓.8p........▓......
,......○{§§§§.^.....0.....[..)...
,..^..§*§§§§§.▓.^.........▓).....
.......yy§§§..▓▓........[▓▓§§§...
..........§§§.▓▓▓.......▓▓▓§§§§..
..........§§..# ▓▓▓▓▓▓▓▓▓ #§§§...
.............## ##.§§..
...........▓## ##▓...


You could see a Killer Klown (blind) and an electric golem.

Vanquished Creatures
  the Royal Jelly (Slime:5)
  4 orbs of fire
  An ancient lich (Zot:5)
  A juggernaut (Zot:5)
  Margery (Vaults:2)
  A shard shrike (Zot:5)
  7 Killer Klowns
  Frederick (Depths:5)
  5 caustic shrikes
  5 curse toes
  Vashnia (Snake:2)
  Xtahua (Vaults:3)
  Nikola (Shoals:3)
  4 golden dragons
  A bone dragon (Depths:5)
  3 hellephants (Zot:2)
  16 tentacled monstrosities
  Jorgrun (Snake:3)
  6 liches
  2 deep elf blademasters
  6 quicksilver dragons
  24 Orb Guardians (Zot:5)
  26 acid blobs
  A deep elf master archer (Elf:3)
  A sphinx (Depths:3)
  7 death cobs
  A kraken (Shoals:1)
  The ghost of peanutter the Peltast, an adept DrAE of Hepliaklqana (Shoals:1)
  Kirke (D:13)
  Polyphemus (Shoals:4)
  3 tengu reavers
  Agnes (D:14)
  A storm dragon (shapeshifter) (Vaults:2)
  8 fire giants
  14 storm dragons
  8 nagarajas
  7 shadow dragons
  5 draconian monks
  16 azure jellies
  An orc warlord (Orc:2)
  3 draconian knights
  16 frost giants
  3 ghost moths
  5 deep elf sorcerers
  An azure jelly (shapeshifter) (Depths:4)
  Aizul (Elf:2)
  7 vault wardens
  3 iron dragons
  8 draconian stormcallers
  An emperor scorpion (Zot:5)
  4 deep elf elementalists (Elf:3)
  A draconian shifter (Zot:3)
  3 draconian annihilators
  A ghoul (Vaults:3)
  2 spriggan defenders (Depths:5)
  11 stone giants
  7 ironheart preservers
  27 very ugly things
  9 green draconians
  2 vampire knights
  The ghost of Ayyar the Basher, a journeyman MiFi of Makhleb (Orc:2)
  7 deep elf demonologists
  10 black draconians
  7 deep elf annihilators (Elf:3)
  4 purple draconians
  8 red draconians
  4 white draconians
  A minotaur (Gauntlet)
  2 merfolk javelineers (Shoals:4)
  7 yellow draconians
  2 dire elephants (Zot:2)
  4 deep elf death magi
  A green death (Gauntlet)
  10 ettins
  8 death oozes
  7 merfolk impalers
  13 fire dragons
  3 deep elf high priests (Elf:3)
  13 vault guards
  7 yaktaur captains
  8 great orbs of eyes
  9 ice dragons
  Fannar (D:10)
  5 rakshasas
  9 spriggan air magi
  6 hydras
  13 naga warriors
  3 catoblepae
  21 two-headed ogres
  Erica (D:11)
  5 anacondas
  An alligator snapping turtle (Shoals:4)
  2 death knights
  2 merfolk avatars
  10 centaur warriors
  21 dancing weapons
  7 ogre magi
  6 merfolk aquamancers
  16 death yaks
  9 deep troll earth magi
  3 tengu warriors
  5 shock serpents
  11 spriggan berserkers
  3 vampire magi
  8 deep troll shamans
  17 naga sharpshooters
  Nergalle (D:11)
  An orc high priest (Orc:2)
  A small abomination (Elf:3)
  Sonja (Orc:1)
  13 hell knights
  3 soul eaters
  23 deep elf knights
  5 iron trolls
  7 skeletal warriors
  An unseen horror (shapeshifter) (Depths:3)
  2 salamander mystics
  17 sea snakes
  2 unseen horrors
  5 glowing orange brains
  4 flayed ghosts (Depths:2)
  A wizard (Vaults:2)
  11 deep elf archers
  5 naga ritualists
  An orange crystal statue (Elf:3)
  21 deep trolls
  19 harpies
  10 ironbrand convokers
  15 orc knights
  2 obsidian statues (Elf:3)
  4 phantasmal warriors
  Pikel (D:9)
  A wolf spider zombie (D:14)
  7 mana vipers
  12 necromancers
  A harpy (shapeshifter) (Vaults:2)
  5 orc sorcerers
  31 ugly things
  A wolf spider (Vaults:1)
  A stone giant zombie (Vaults:3)
  6 fauns
  3 shining eyes
  7 manticores
  14 cyclopes
  19 moths of wrath
  63 deep elf magi
  2 oklob plants (Lair:1)
  11 salamanders
  17 elephants
  6 water nymphs
  27 black mambas
  5 merfolk sirens
  6 vault sentinels
  An ice statue (Elf:3)
  Joseph (D:8)
  30 naga magi
  2 gargoyles
  A storm dragon simulacrum (Vaults:3)
  3 guardian serpents
  21 spiny frogs
  A hellion (Depths:3)
  2 eyes of devastation (Slime:5)
  34 yaktaurs
  A yaktaur zombie (Vaults:1)
  3 rime drakes
  5 freezing wraiths
  5 komodo dragons
  A yaktaur skeleton (Vaults:3)
  2 red devils (Depths:3)
  6 tengu conjurers
  A queen bee (D:14)
  An ice devil (Gauntlet)
  3 meliai (D:14)
  27 merfolk
  9 trolls
  6 wind drakes
  A polar bear (Lair:6)
  3 tyrant leeches (Lair:6)
  91 slime creatures
  2 elf zombies
  5 hornets
  15 dream sheep
  15 hippogriffs
  29 blink frogs
  11 snapping turtles
  A fire giant simulacrum (Vaults:3)
  An iron dragon simulacrum (Depths:1)
  A ynoxinul (Depths:3)
  A shadow (D:13)
  2 wyverns (D:11)
  6 flying skulls (Gauntlet)
  27 yaks
  5 spriggans
  5 wraiths
  A spriggan skeleton (Depths:1)
  20 water elementals
  4 fire elementals
  6 humans (Zot:2)
  A basilisk (D:13)
  4 hungry ghosts
  10 golden eyes
  6 vampire mosquitoes
  A soldier ant (D:9)
  6 wargs
  3 acid dragons
  49 nagas
  24 water moccasins
  5 porcupines
  2 elf skeletons
  3 floating eyes
  4 sky beasts
  2 phantoms
  46 orc warriors
  An orc zombie (Vaults:1)
  An eye of draining (shapeshifter) (Depths:3)
  2 eyes of draining
  2 necrophages
  12 ice beasts
  25 ogres
  An ogre (shapeshifter) (Depths:3)
  9 boggarts
  9 centaurs
  13 crocodiles
  A big kobold (D:10)
  2 human zombies
  32 bullfrogs
  3 earth elementals
  3 wyvern skeletons
  4 scorpions
  A water moccasin skeleton (D:7)
  4 jellies
  26 killer bees
  12 wights
  3 howler monkeys
  5 electric eels
  11 crimson imps
  A yaktaur simulacrum (Vaults:1)
  A bullfrog zombie (D:12)
  3 centaur zombies
  2 human simulacra
  2 quasits (Depths:3)
  A bullfrog skeleton (D:4)
  24 orc priests
  11 hounds
  An iron imp (Depths:3)
  3 centaur skeletons
  26 orc wizards
  4 iguanas
  8 worker ants
  A killer bee zombie (D:10)
  A hound skeleton (D:7)
  24 adders
  2 shadow imps
  6 white imps
  4 oozes
  An adder zombie (D:7)
  2 worms
  3 dart slugs
  4 leopard geckos
  90 orcs
  6 giant cockroaches
  7 goblins
  9 hobgoblins
  11 jackals
  3 kobolds
  A quokka (D:12)
  A ball python (D:1)
  7 bats (D:1)
  5 frilled lizards
  A jackal skeleton (D:4)
  2 leopard gecko skeletons
  A quokka skeleton (D:7)
  A quokka zombie (D:7)
  6 rats
  6 fungi (Orc:2)
  8 plants
  2 tentacles (Shoals:1)
2121 creatures vanquished.

Vanquished Creatures (collateral kills)
  An electric golem (Zot:5)
  A tengu reaver (Depths:2)
  A stone giant (Depths:2)
  A black draconian (Zot:3)
  A vampire mage (Depths:2)
  A shock serpent (Snake:2)
  A naga ritualist (Snake:2)
  A black mamba (Snake:2)
  A boggart (Depths:2)
9 creatures vanquished.

Vanquished Creatures (others)
  A Killer Klown (Zot:5)
  A caustic shrike (Depths:2)
  An Orb Guardian (Zot:5)
  A deep elf master archer (Elf:3)
  An azure jelly (Slime:4)
  A fire giant (Depths:4)
  2 stone giants (Depths:5)
  A deep elf annihilator (Elf:3)
  A death ooze (Slime:5)
  A vault guard (D:13)
  A naga warrior (Snake:4)
  A hydra (Lair:6)
  A centaur warrior (Depths:3)
  A satyr (Shoals:2)
  A merfolk aquamancer (Shoals:4)
  A dancing weapon (Elf:2)
  An unseen horror (D:13)
  A deep troll (Depths:4)
  2 harpies (Shoals:1)
  A salamander (Snake:2)
  A moth of wrath (Zot:3)
  2 black mambas (Snake:2)
  A yaktaur (Depths:5)
  A merfolk (Shoals:4)
  A troll (D:10)
  A tyrant leech (Lair:6)
  A blink frog (Lair:5)
  4 slime creatures
  7 humans (D:13)
  2 basilisks (Lair:6)
  An orc warrior (D:12)
  2 slaves (D:9)
  An ogre (Vaults:3)
  A crocodile (Lair:3)
  A big kobold (D:9)
  A wight (D:13)
  A worker ant (D:9)
  A shadow imp (D:11)
  An adder skeleton (D:9)
  2 orcs
  A quokka (D:9)
  A bush (Lair:5)
  24 fungi
  98 plants
  6 tentacles (Shoals:1)
  2 withered plants (Shoals:3)
187 creatures vanquished.

Grand Total: 2317 creatures vanquished

Notes
Turn   | Place    | Note
-------+----------+-------------------------------------------
     0 | D:1      | DrEnzyme the Formicid Wanderer began the quest for the Orb.
     0 | D:1      | DrEnzyme set off with the following items: a +2 mace, a +0
                  | ring mail, a potion of curing, a ration
     0 | D:1      | Reached XP level 1. HP: 15/15 MP: 1/1
   157 | D:1      | Reached XP level 2. HP: 21/21 MP: 2/2
   194 | D:1      | Reached skill level 5 in Armour
   294 | D:1      | Reached XP level 3. HP: 12/26 MP: 3/3
  1344 | D:2      | Found an ornate altar of the Wu Jian Council.
  1408 | D:2      | Found a shadowy altar of Dithmenos.
  1448 | D:2      | Reached XP level 4. HP: 28/32 MP: 4/4
  2524 | D:3      | Reached XP level 5. HP: 36/38 MP: 5/5
  2735 | D:3      | Noticed a bullfrog
  3047 | D:3      | Killed a bullfrog
  3047 | D:3      | Reached skill level 1 in Dodging
  3047 | D:3      | Reached skill level 1 in Stealth
  3047 | D:3      | Reached XP level 6. HP: 37/44 MP: 6/6
  3068 | D:3      | Found a stormy altar of Qazlal.
  3861 | D:4      | Reached XP level 7. HP: 36/51 MP: 7/7
  3954 | D:4      | Learned a level 2 spell: Sticks to Snakes
  4481 | D:4      | Noticed Grinder
  5064 | D:5      | Entered Level 5 of the Dungeon
  5127 | D:5      | Reached skill level 5 in Maces & Flails
  5723 | D:5      | Reached XP level 8. HP: 58/58 MP: 8/8
  5838 | D:5      | Reached skill level 2 in Shields
  5925 | D:5      | Found a hide-covered altar of Uskayaw.
  6604 | D:6      | Found a blossoming altar of Fedhas.
  6724 | D:6      | Found Teabep's Distillery.
  6729 | D:6      | Bought a potion of might for 60 gold pieces
  6729 | D:6      | Bought a potion of heal wounds for 75 gold pieces
  6729 | D:6      | Bought a potion of degeneration for 15 gold pieces
  7326 | D:6      | Found a glowing silver altar of Zin.
  7336 | D:6      | Found a sparkling altar of Nemelex Xobeh.
  7436 | D:6      | Found a staircase to the Ecumenical Temple.
  7556 | D:6      | Reached skill level 3 in Shields
  8080 | Temple   | Entered the Ecumenical Temple
  8175 | Temple   | Became a worshipper of Ru the Awakened
  8580 | D:6      | Reached XP level 9. HP: 26/65 MP: 10/10
  9006 | D:7      | Reached skill level 4 in Shields
 10343 | D:7      | Reached skill level 5 in Shields
 10944 | D:7      | Gained mutation: You are frail. (-10% HP) [Ru sacrifice]
 10944 | D:7      | Reached * piety under Ru
 10944 | D:7      | Reached ** piety under Ru
 11005 | D:8      | Reached skill level 5 in Fighting
 11653 | D:8      | Noticed Joseph
 11666 | D:8      | Killed Joseph
 11666 | D:8      | Reached skill level 1 in Axes
 11666 | D:8      | Reached XP level 10. HP: 48/66 MP: 11/11
 11690 | D:8      | Found a snail-covered altar of Cheibriados.
 12313 | D:9      | Found a staircase to the Lair.
 12367 | D:9      | Found a glowing golden altar of the Shining One.
 12394 | D:9      | Reached skill level 6 in Shields
 12679 | D:9      | Noticed a cyclops
 12779 | D:9      | Got a steaming ring mail
 12790 | D:9      | Identified the cursed +0 ring mail of the Mind {rC- MP+9
                  | Slay+3} (You found it on level 9 of the Dungeon)
 12919 | D:9      | Noticed Pikel
 12937 | D:9      | Killed Pikel
 13118 | D:10     | Entered Level 10 of the Dungeon
 13234 | D:10     | Noticed Fannar
 13612 | D:9      | Noticed a centaur warrior
 13819 | D:9      | Reached skill level 7 in Shields
 14085 | D:9      | Killed a cyclops
 14085 | D:9      | Reached XP level 11. HP: 71/74 MP: 12/12
 14566 | Lair:1   | Entered Level 1 of the Lair of Beasts
 14567 | Lair:1   | Found a dark tunnel.
 14599 | Lair:1   | Gained mutation: You are somewhat unskilled. (-1 Apt) [Ru
                  | sacrifice]
 14599 | Lair:1   | Reduced skill Shields to level 6
 14599 | Lair:1   | Reached *** piety under Ru
 14606 | Volcano  | Entered a volcano
 14626 | Volcano  | Noticed a salamander
 14626 | Volcano  | Noticed a salamander mystic
 14626 | Volcano  | Noticed a salamander
 14637 | Volcano  | Killed a salamander
 14643 | Volcano  | Killed a salamander
 14657 | Volcano  | Noticed a salamander
 14756 | Volcano  | Killed a salamander mystic
 14756 | Volcano  | Reached skill level 7 in Shields
 14969 | Volcano  | Killed a salamander
 14969 | Volcano  | Reached skill level 1 in Throwing
 15221 | Volcano  | Noticed a salamander
 15237 | Volcano  | Killed a salamander
 15409 | Volcano  | Noticed a red draconian
 15441 | Volcano  | Killed a red draconian
 16008 | Lair:1   | Found the ring of the Mage {Wiz MR++ Int+3}
 16008 | Lair:1   | Noticed an oklob plant
 16010 | Lair:1   | Noticed an oklob plant
 17172 | Lair:1   | Killed an oklob plant
 17259 | Lair:1   | Killed an oklob plant
 17408 | Lair:2   | Reached skill level 8 in Shields
 17530 | Lair:2   | Reached XP level 12. HP: 73/81 MP: 14/14
 18410 | Lair:3   | Reached skill level 10 in Maces & Flails
 18860 | Lair:2   | Gained mutation: You have somewhat slow reflexes. (EV -5)
                  | [Ru sacrifice]
 18860 | Lair:2   | Reached **** piety under Ru
 19118 | Lair:3   | Reached skill level 9 in Shields
 19632 | Lair:3   | Found a staircase to the Snake Pit.
 19770 | Lair:3   | Found a staircase to the Shoals.
 19809 | Lair:3   | Found a runed translucent gate.
 19809 | Lair:3   | Found a runed translucent gate.
 19809 | Lair:3   | Found a runed translucent gate.
 19809 | Lair:3   | Noticed centipede's ghost (journeyman DrWz)
 20919 | Lair:4   | Reached skill level 10 in Armour
 21824 | Lair:4   | Reached skill level 10 in Shields
 21840 | Lair:4   | Reached XP level 13. HP: 65/86 MP: 15/15
 23507 | Lair:5   | Noticed a catoblepas
 23542 | Lair:5   | Killed a catoblepas
 23845 | Lair:5   | Noticed a catoblepas
 24165 | D:9      | Gained mutation: You cannot study or cast Fire magic. [Ru
                  | sacrifice]
 24165 | D:9      | Gained mutation: You cannot study or cast Necromancy magic.
                  | [Ru sacrifice]
 24165 | D:9      | Gained mutation: You cannot study or cast Translocations
                  | magic. [Ru sacrifice]
 24165 | D:9      | Reached ***** piety under Ru
 24239 | D:10     | Found Domecu's Jewellery Boutique.
 24304 | D:10     | Bought an uncursed amulet of guardian spirit for 390 gold
                  | pieces
 24616 | D:10     | Killed Fannar
 25389 | D:11     | Noticed Erica
 25423 | D:11     | Killed Erica
 25828 | D:11     | Found a staircase to the Orcish Mines.
 26015 | D:11     | Noticed Urug
 26024 | D:11     | Noticed Urug
 26024 | D:11     | Urug changed into Urug the mana viper
 26030 | D:11     | Killed Urug the mana viper
 26373 | D:11     | Noticed Nergalle
 26384 | D:11     | Killed Nergalle
 26568 | D:11     | Gained mutation: You cannot be stealthy. [Ru sacrifice]
 26790 | D:12     | Found a frozen archway.
 27074 | D:12     | Found a gate leading to a gauntlet.
 27095 | Gauntlet | Entered a Gauntlet
 27095 | Gauntlet | Found a transporter.
 27191 | Gauntlet | Found a transporter.
 27193 | Gauntlet | Found a transporter.
 27194 | Gauntlet | Found a transporter.
 27206 | Gauntlet | Found a transporter.
 27221 | Gauntlet | Found a transporter.
 27228 | Gauntlet | Found a transporter.
 27239 | Gauntlet | Identified a scroll of acquirement
 27264 | Gauntlet | Noticed a green death
 27267 | Gauntlet | Found a transporter.
 27281 | Gauntlet | Found a transporter.
 27296 | Gauntlet | Found a transporter.
 27308 | Gauntlet | Found a transporter.
 27320 | Gauntlet | Found a transporter.
 27320 | Gauntlet | Noticed a hell beast
 27332 | Gauntlet | Found the +2 shield of Resistance {rF+ rC+ MR+}
 27332 | Gauntlet | Found a transporter.
 27332 | Gauntlet | Noticed a green death
 27349 | Gauntlet | Found a transporter.
 27367 | Gauntlet | Found a transporter.
 27369 | Gauntlet | Found a transporter.
 27396 | Gauntlet | Found a transporter.
 27474 | Gauntlet | Found a transporter.
 27964 | Gauntlet | Killed a green death
 28003 | Gauntlet | Identified the +1 quarterstaff of Paper {flame, Str+2 Int+3
                  | SInv Stlth+}
 28003 | Gauntlet | Noticed a minotaur
 28012 | Gauntlet | Killed a minotaur
 28012 | Gauntlet | Reached XP level 14. HP: 84/95 MP: 13/16
 28018 | Gauntlet | Got a translucent ring mail
 28113 | Orc:1    | Entered Level 1 of the Orcish Mines
 28113 | Orc:1    | Noticed Sonja
 28121 | D:11     | Reached skill level 11 in Shields
 28266 | Orc:1    | Killed Sonja
 29630 | Orc:2    | Entered Level 2 of the Orcish Mines
 29714 | Orc:2    | Found Tirgh's General Store.
 29835 | Orc:2    | Bought a scroll of identify for 24 gold pieces
 29845 | Orc:2    | Found Onocw's Jewellery Shop.
 29907 | Orc:2    | Noticed an orc warlord
 29922 | Orc:2    | Gained mutation: You are dopey. (Int -2) [Ru sacrifice]
 29922 | Orc:2    | Reached ****** piety under Ru
 30455 | Orc:2    | Found Zukkuah's Antique Weapon Shop.
 30525 | Orc:2    | Killed an orc warlord
 30686 | Orc:2    | Found Ewkif's Antique Armour Emporium.
 30707 | Orc:2    | Found a staircase to the Elven Halls.
 30789 | Orc:2    | Found a transporter.
 30789 | Orc:2    | Noticed Ayyar's ghost (journeyman MiFi)
 30907 | Orc:2    | Found a roughly hewn altar of Beogh.
 31124 | Orc:2    | Found a transporter.
 31421 | Orc:2    | Bought the +2 cloak of the Thief {+Fog Slay-2 SInv Stlth+}
                  | for 603 gold pieces
 31421 | Orc:2    | Found the +2 cloak of the Thief {+Fog Slay-2 SInv Stlth+}
 31597 | D:12     | Reached skill level 12 in Shields
 32274 | D:13     | Found a gate to the Vaults.
 32797 | Lair:5   | Reached XP level 15. HP: 102/102 MP: 18/18
 33625 | Lair:6   | Entered Level 6 of the Lair of Beasts
 33970 | Lair:5   | Reached skill level 5 in Evocations
 34012 | Lair:5   | Identified the +2 ring mail of Makhleb's Regard {-Cast
                  | rElec Str+5} (You found it in a Gauntlet)
 34188 | Lair:6   | Reached skill level 5 in Dodging
 34241 | Lair:6   | Reached skill level 10 in Fighting
 35050 | Lair:5   | Reached skill level 13 in Shields
 35585 | Lair:6   | Found a staircase to the Slime Pits.
 35703 | Lair:6   | Got a steaming steel ring
 35706 | Lair:6   | Identified the ring "Kilysile" {*Drain rN+++ MR++ Str+4}
                  | (You found it on level 6 of the Lair of Beasts)
 36421 | Snake:1  | Entered Level 1 of the Snake Pit
 36536 | Snake:1  | Found Nuze Kar's Antique Weapon Emporium.
 36586 | Snake:1  | Reached XP level 16. HP: 110/110 MP: 20/20
 37355 | Snake:1  | Found Faghiukk's Jewellery Emporium.
 38371 | Snake:2  | Found a sparkling altar of Nemelex Xobeh.
 39866 | Snake:2  | Found Duqat's Jewellery Boutique.
 39892 | Snake:2  | Found Geufezom's Gadget Shop.
 39892 | Snake:2  | Found Cuassych's Jewellery Shoppe.
 39893 | Snake:2  | Found Qoog's Jewellery Shoppe.
 39902 | Snake:2  | Bought the ring of Olucsuuk {MR+ Int+2 Slay+3 Stlth+} for
                  | 928 gold pieces
 40280 | Snake:3  | Noticed Jorgrun
 40648 | Snake:3  | Noticed a nagaraja
 40648 | Snake:3  | Noticed Vashnia
 40651 | Snake:3  | Killed Jorgrun
 40651 | Snake:3  | Reached skill level 14 in Shields
 40795 | Shoals:1 | Entered Level 1 of the Shoals
 40958 | Shoals:1 | Found a transporter.
 40962 | Shoals:1 | Noticed peanutter's ghost (adept DrAE)
 40994 | Shoals:1 | Found a transporter.
 41753 | Shoals:1 | Reached XP level 17. HP: 105/117 MP: 18/22
 41847 | Shoals:2 | Found Vacvu's Antique Armour Shoppe.
 41847 | Shoals:2 | Found Butof's Gadget Shop.
 43449 | Shoals:2 | Found Ykostry's Antique Weapon Shop.
 43483 | Shoals:2 | Bought a crystal flail for 306 gold pieces
 44254 | Shoals:3 | Found a runed translucent door.
 44256 | Shoals:3 | Noticed moogleknight's ghost (adept TrMo)
 44259 | Shoals:3 | Noticed Nikola
 44463 | Shoals:2 | Reached skill level 15 in Shields
 44862 | D:13     | Noticed Kirke
 44875 | D:13     | Killed Kirke
 45354 | D:13     | Got a shimmering cloak
 45365 | D:13     | Identified the +0 cloak of Fixeheco {rN+++ MP+9 Int-4} (You
                  | found it on level 13 of the Dungeon)
 45830 | D:14     | Identified the +11 flail of Ragnarok {crush, rElec rN+}
                  | (You bought it in a shop on level 2 of the Shoals)
 46104 | Shoals:3 | Killed Nikola
 46353 | Shoals:3 | Found Ritis's Jewellery Shop.
 46764 | Shoals:4 | Entered Level 4 of the Shoals
 47078 | Shoals:4 | Reached XP level 18. HP: 76/125 MP: 15/24
 47756 | Shoals:4 | Noticed Donald
 48393 | Shoals:3 | Reached skill level 15 in Armour
 49217 | Shoals:4 | Noticed Polyphemus
 49437 | Shoals:4 | Reached skill level 16 in Shields
 49598 | Shoals:4 | Killed Polyphemus
 50305 | Shoals:4 | Got a barnacled rune of Zot
 50540 | Snake:2  | Killed Vashnia
 50747 | Snake:3  | Reached skill level 15 in Maces & Flails
 51855 | Snake:4  | Entered Level 4 of the Snake Pit
 52244 | Snake:4  | Reached XP level 19. HP: 77/132 MP: 21/26
 53644 | Snake:4  | Reached skill level 17 in Shields
 54999 | Snake:4  | Reached skill level 10 in Evocations
 55451 | Snake:4  | Got a serpentine rune of Zot
 56052 | D:14     | Noticed Agnes
 56063 | D:14     | Killed Agnes
 56623 | D:15     | Entered Level 15 of the Dungeon
 56645 | D:15     | Identified Piotseom's Collected Works on Earth
 57027 | D:15     | Found a staircase to the Depths.
 57081 | D:15     | Reached XP level 20. HP: 115/139 MP: 24/27
 57489 | Depths:1 | Entered Level 1 of the Depths
 57579 | D:15     | Reached skill level 18 in Shields
 57870 | Vaults:1 | Entered Level 1 of the Vaults
 57908 | Vaults:1 | Found a flickering gateway to a bazaar.
 57924 | Bazaar   | Entered a bazaar
 57925 | Bazaar   | Found Owejisup's Weapon Boutique.
 57925 | Bazaar   | Found Dirion's Assorted Antiques.
 57927 | Bazaar   | Found Luosam's Book Shoppe.
 57930 | Bazaar   | Found Hotwef's Distillery.
 57940 | Bazaar   | Found Nekosihu's Gadget Boutique.
 57946 | Bazaar   | Found Pocvapimn's Gadget Emporium.
 58040 | Bazaar   | Bought 2 potions of curing for 54 gold pieces
 58040 | Bazaar   | Bought a potion of curing for 27 gold pieces
 58040 | Bazaar   | Bought a potion of heal wounds for 45 gold pieces
 58040 | Bazaar   | Bought a potion of curing for 27 gold pieces
 58040 | Bazaar   | Bought a potion of curing for 27 gold pieces
 58048 | Bazaar   | Bought a silver wand for 92 gold pieces
 58056 | Bazaar   | Bought a potion of resistance for 90 gold pieces
 58056 | Bazaar   | Bought a potion of cancellation for 72 gold pieces
 58067 | Bazaar   | Bought a box of beasts for 280 gold pieces
 58298 | Vaults:1 | Identified the +1 scale mail of Emuwkink {rC+ Int+6} (You
                  | found it on level 1 of the Vaults)
 59382 | Vaults:2 | Found a staircase to the Crypt.
 60627 | Vaults:2 | Noticed Margery
 60641 | Vaults:2 | Killed Margery
 60661 | Vaults:2 | Reached XP level 21. HP: 90/146 MP: 18/29
 62234 | Vaults:3 | Reached skill level 19 in Shields
 62647 | Vaults:3 | Noticed Xtahua
 62659 | Vaults:3 | Killed Xtahua
 64617 | Depths:1 | Identified the -2 large shield of Beogh's Delight {Dex+4}
                  | (You acquired it on level 1 of the Depths)
 64646 | Depths:1 | Found a one-way gate to the infinite horrors of the Abyss.
 64667 | Depths:1 | Found a shimmering altar of Xom.
 64907 | Depths:1 | Found a gateway to Hell.
 64951 | Depths:2 | Noticed a Tzitzimitl
 64954 | Depths:2 | Reached XP level 22. HP: 154/154 MP: 30/30
 65169 | Depths:2 | Noticed a caustic shrike
 65383 | Depths:2 | Identified the ring "Qimalur" {Int+3 Stlth-}
 65383 | Depths:2 | Noticed a caustic shrike
 65384 | Depths:2 | Noticed a caustic shrike
 65396 | Depths:2 | Killed a caustic shrike
 65396 | Depths:2 | Reached skill level 20 in Shields
 65402 | Depths:2 | Noticed a caustic shrike
 65409 | Depths:2 | Killed a caustic shrike
 65410 | Depths:2 | Noticed a caustic shrike
 66231 | Depths:2 | Killed a caustic shrike
 66389 | Depths:2 | Noticed a golden dragon
 66401 | Depths:2 | Killed a golden dragon
 66571 | Depths:2 | Killed a caustic shrike
 66610 | Depths:2 | Killed a caustic shrike
 66932 | Depths:2 | Reached XP level 23. HP: 91/161 MP: 16/32
 67585 | Slime:1  | Entered Level 1 of the Pits of Slime
 68663 | Slime:5  | Entered Level 5 of the Pits of Slime
 68686 | Slime:5  | Gained mutation: Armour fits poorly on your strangely
                  | shaped body. [a shining eye]
 69163 | Slime:5  | Gained mutation: Scrolls take you a little longer to read.
                  | [a shining eye]
 69788 | Slime:5  | Noticed the Royal Jelly
 70661 | Slime:4  | Lost mutation: Armour fits poorly on your strangely shaped
                  | body. [potion of mutation]
 70661 | Slime:4  | Lost mutation: Scrolls take you a little longer to read.
                  | [potion of mutation]
 70661 | Slime:4  | Gained mutation: You are somewhat resistant to further
                  | mutation. [potion of mutation]
 72059 | Slime:5  | Killed the Royal Jelly
 72059 | Slime:5  | Reached skill level 21 in Shields
 72539 | Slime:5  | Found the +8 demon trident "Rift" {distort, reach+}
 72556 | Slime:5  | Got a slimy rune of Zot
 72618 | Slime:5  | Got a coiled bronze ring
 72622 | Slime:5  | Identified the ring "Qesetsus" {rPois MR- MP+9 Str+4} (You
                  | found it on level 5 of the Pits of Slime)
 73459 | Elf:1    | Entered Level 1 of the Elven Halls
 73809 | Elf:1    | Reached XP level 24. HP: 151/167 MP: 29/32
 74783 | Elf:2    | Found Hodus's Book Shoppe.
 74865 | Elf:2    | Reached skill level 15 in Fighting
 74936 | Elf:2    | Identified the Compendium of Summoning
 75302 | Elf:2    | Found a huge runed translucent gate.
 75305 | Elf:2    | Found a huge runed translucent gate.
 75305 | Elf:2    | Found a huge runed translucent gate.
 75306 | Elf:2    | Found a huge runed translucent gate.
 75307 | Elf:2    | Found a huge runed translucent gate.
 75932 | Elf:2    | Noticed Aizul
 75947 | Elf:2    | Killed Aizul
 76401 | Elf:3    | Entered Level 3 of the Elven Halls
 77574 | Elf:3    | Found an ancient bone altar of Kikubaaqudgha.
 77739 | Elf:3    | Found Rycufa's Book Boutique.
 79318 | Elf:3    | Reached skill level 22 in Shields
 79618 | Elf:3    | Identified the +3 dagger "Bonun" {freeze, -Tele rElec Str+3
                  | Dex+6}
 79621 | Elf:3    | Identified the ring of Rygi {rF+ EV+2}
 79623 | Elf:3    | Identified the +4 leather armour "Qiviy" {rPois rN+ Regen+
                  | Str+4 Dex-3}
 79643 | Elf:3    | Reached XP level 25. HP: 69/175 MP: 25/32
 80272 | Elf:3    | Identified the ring "Cuham" {*Slow MR++ AC+2 Dex+2}
 80637 | Elf:3    | Identified the Incunabulum of Bewitching Heat
 80682 | Elf:3    | Identified the Disquisition on Bewitchment and the Escort
 84247 | Depths:3 | Found a one-way gate leading to the halls of Pandemonium.
 84426 | Depths:3 | Identified the cursed +0 pair of gloves "Ovycer Useob"
                  | {rElec rPois Str-5 Stlth-} (You found it on level 3 of the
                  | Depths)
 84429 | Depths:3 | Identified the cursed +0 ring mail of the Alphagorgon {rC+}
                  | (You found it on level 3 of the Depths)
 84624 | Depths:4 | Found a gateway to a ziggurat.
 85061 | Elf:3    | Got a slimy great mace
 85062 | Elf:3    | Identified the +7 great mace "Soydduhu" {freeze, Fragile
                  | rC++ Str+2 Int+3} (You found it on level 3 of the Elven
                  | Halls)
 85297 | Orc:2    | Killed Ayyar's ghost
 85580 | Shoals:1 | Killed peanutter's ghost
 85580 | Shoals:1 | Reached XP level 26. HP: 131/182 MP: 33/33
 85621 | Shoals:1 | Identified the ring of Darkness {Ice +Blink rElec Dex-3}
                  | (You found it on level 1 of the Shoals)
 86899 | Depths:4 | Found a bloodstained altar of Trog.
 87000 | Depths:4 | Identified the ring of Repholek {rF+ rN+ Stlth-}
 87236 | Depths:4 | Identified the ring "Hiuwon" {Ice Stlth+}
 87255 | Depths:4 | Identified the ring of Yckuyck {*Drain MR+ Str+4 Int+3
                  | Stlth+}
 87295 | Depths:4 | Found a burning altar of Makhleb.
 87403 | Depths:4 | Identified the ring of Zin's Condemnation {rN+++ MP+9 AC+2
                  | Dex+6}
 87428 | Depths:5 | Entered Level 5 of the Depths
 87434 | Depths:5 | Noticed Frederick
 87933 | Depths:5 | Reached skill level 23 in Shields
 87994 | Depths:5 | Killed Frederick
 89017 | Depths:5 | Found a gate to the Realm of Zot.
 89348 | Depths:5 | Reached skill level 5 in Throwing
 89827 | Zot:1    | Entered Level 1 of the Realm of Zot
 89906 | Zot:1    | Noticed an orb of fire
 89920 | Zot:1    | Killed an orb of fire
 90290 | Zot:1    | Reached XP level 27. HP: 173/190 MP: 33/33
 91621 | Zot:2    | Noticed a Killer Klown
 91771 | Zot:2    | Killed a Killer Klown
 91790 | Zot:2    | Noticed a Killer Klown
 91799 | Zot:2    | Killed a Killer Klown
 91867 | Zot:2    | Noticed a Killer Klown
 91870 | Zot:2    | Noticed a Killer Klown
 91874 | Zot:2    | Killed a Killer Klown
 91907 | Zot:2    | Killed a Killer Klown
 92900 | Zot:3    | Reached skill level 24 in Shields
 95377 | Zot:3    | Reached skill level 15 in Evocations
 95969 | Zot:5    | Entered Level 5 of the Realm of Zot
 96117 | Zot:5    | Found a runed translucent door.
 96119 | Zot:5    | Noticed wilo's ghost (master MfBe)
 96587 | Zot:5    | Noticed an ancient lich
 96613 | Zot:5    | Killed an ancient lich
 97232 | Zot:5    | Noticed an orb of fire
 97244 | Zot:5    | Noticed a Killer Klown
 97248 | Zot:5    | Killed an orb of fire
 97259 | Zot:5    | Noticed a juggernaut
 97259 | Zot:5    | a Killer Klown changed into a juggernaut
 97260 | Zot:5    | Killed a juggernaut
 97515 | Zot:5    | Noticed a Killer Klown
 97556 | Zot:5    | Killed a Killer Klown
 98098 | Zot:5    | Noticed an orb of fire
 98122 | Zot:5    | Killed an orb of fire
 98602 | Zot:5    | Noticed an orb of fire
 98655 | Zot:5    | Killed an orb of fire
 98871 | Zot:5    | Reached skill level 25 in Shields
 99188 | Zot:5    | Noticed an orb of fire
 99201 | Zot:5    | Noticed a Killer Klown
 99226 | Zot:5    | Killed a Killer Klown
 99468 | Zot:5    | Noticed a Killer Klown
 99479 | Zot:5    | Killed a Killer Klown
 99494 | Zot:5    | Noticed a Killer Klown
 99505 | Zot:5    | Killed a Killer Klown
 99514 | Zot:5    | Noticed a Killer Klown
 99529 | Zot:5    | Noticed a shard shrike
 99529 | Zot:5    | a Killer Klown changed into a shard shrike
 99531 | Zot:5    | Killed a shard shrike
 99534 | Zot:5    | Noticed a Killer Klown
 99563 | Zot:5    | Lost dexterity.
 99566 | Zot:5    | HP: 5/197 [Killer Klown/+9 club of crushing (14)]
 99567 | Zot:5    | Killed from afar by an electric golem

Levels and vault maps discovered:
D:1:      dpeg_arrival_line_fractal, layout_basic
D:2:      layout_loops_ring, overflow_temple_1_default, hex_tiny,
          nicolae_dithmenos_shadow_blocks
D:3:      layout_basic, serial_curves, eino_curves_03, eino_curves_01,
          grunt_ministairs_3, nicolae_qazlal_general_emergency
D:4:      layout_rooms, first_ration, uniq_grinder, uniq_blork_the_orc,
          uniq_robin
D:5:      layout_gridville, basic_altar
D:6:      layout_loops_ring, nicolae_overflow_hidden_temple,
          amethyst_overflow_temple_binary, lemuel_temple_firewalk_b,
          serial_shops, shop
D:7:      layout_layer_cave
D:8:      layout_cave_pods, lemuel_coloured_pillars_altar, the_bakery,
          uniq_joseph
D:9:      wad_arrow_thing, layout_basic, lemuel_crystal_altar, lair_entry_dummy,
          uniq_pikel
D:10:     layout_cave_pools, serial_shops, shop, uniq_fannar
D:11:     layout_grid_maze, orc_0_dummy, uniq_nergalle, uniq_erica, uniq_urug
D:12:     layout_cave_pools, portal_ice_cave_entry_ice_beasts,
          gauntlet_entry_generic
D:13:     layout_stronghold, erik_vaults_2, hex_medium, uniq_kirke
D:14:     layout_roguey [special_room_bee], minivault_11, uniq_agnes
D:15:     grunt_enter_depths_hoard, layout_irregular_city, st_stairs_7
Temple:   lightli_temple_of_artemis
Lair:1:   layout_roguey, enter_volcano_1, minmay_lair_oklob_chamber
Lair:2:   layout_cave_pods, infiniplex_staircase_pool_2, grunt_megastairs_1
Lair:3:   layout_loops_ring, elwin_shoals_entry_rocks,
          minmay_snake_entry_six_corridors, gammafunk_ghost_necromancy
Lair:4:   layout_roguey
Lair:5:   layout_concentric_octagons, serial_bayou_pond_d, serial_bayou_pond_b,
          small_statue_intersection, grunt_forest_small_clearings,
          infiniplex_staircase_pool
Lair:6:   minmay_lair_end_frog_pond, layout_gridlike, dpeg_slime_entry_corner,
          serial_bayou_shore_a
Shoals:1: layout_shoals, gammafunk_ghost_arena
Shoals:2: layout_shoals, serial_shops, nicolae_shop_crystal, shop, shop
Shoals:3: layout_shoals, gammafunk_ghost_grave, serial_shops, shop, uniq_nikola
Shoals:4: shoals_end_simple, layout_shoals, nicolae_shoals_dead_sea_scrolls,
          uniq_donald, uniq_polyphemus
Snake:1:  layout_grid_maze, serial_shops, shop_coins, nicolae_shop_crystal
Snake:2:  layout_onion, serial_shops, nicolae_shop_behind_doors, basic_altar,
          grunt_ministairs_3, serial_bayou_ford_a, abandoned_shop,
          minmay_shop_grove, serial_bayou_shore_b
Snake:3:  layout_rooms, uniq_jorgrun, uniq_vashnia
Snake:4:  snake_pit, layout_basic, lemuel_fruit_tree, serial_bayou_shore_b
Slime:1:  layout_caves
Slime:2:  layout_caves
Slime:3:  layout_caves
Slime:4:  layout_caves
Slime:5
Orc:1:    cheibrodos_orc_arena, layout_caves, uniq_sonja
Orc:2:    grunt_orc_gardens, layout_caves, grunt_orc_garden, grunt_orc_garden,
          grunt_orc_garden, grunt_orc_garden, gammafunk_ghost_arena,
          basic_altar, lightli_orcish_oven
Elf:1:    layout_geoelf_diagonals, hangedman_elven_crosses_minicolossus,
          hangedman_elf_simple_split
Elf:2:    layout_gridlike, serial_shops,
          nicolae_shop_temple_entry_statues_fountains, minmay_elf_demonology,
          uniq_aizul
Elf:3:    minmay_elf_hall_dome, layout_loops_corners, serial_shops, shop,
          st_stairs_1, guppyfry_elf_altar
Vaults:1: nicolae_vaults_big_angled_halls, v_misc_28,
          nicolae_vaults_quartermaster, ontoclasm_vaults_hangar,
          hangedman_vaults_restitches, grunt_vaults_funnel, vaults_room_fours,
          grunt_vaults_focal, hangedman_vaults_impose, nicolae_vaults_asterisk,
          layout_vaults_maze, serial_shops, bzr_entry_road
Vaults:2: nicolae_vaults_what_the_h, nicolae_vaults_statue_guard,
          nicolae_vaults_big_angled_halls, nicolae_vaults_mini_display_case,
          v_misc_18, nicolae_vaults_alarming, v_misc_33,
          ontoclasm_vaults_ligature, hangedman_vaults_slice, vaults_dpeg_ring,
          ontoclasm_vaults_hangar, ontoclasm_vaults_hangar,
          layout_vaults_omnicross, minmay_crypt_entry_simple_round, uniq_margery
Vaults:3: v_misc_29, hangedman_vaults_river_flow, vaults_dpeg_doors,
          hangedman_vaults_capsules, v_misc_9, v_misc_14,
          vaults_standard_mumra_enter_the_diamond,
          ontoclasm_vaults_decontamination, v_misc_13, nicolae_vaults_gold_heap,
          layout_vaults_omnibox, uniq_xtahua
Depths:1: layout_cave_pools, abyss_entry, minmay_misc_feat_chi,
          pf_dread_powers_of_hell, lemuel_statue_altar, serial_bayou_shore_b
Depths:2: grunt_runaround [grunt_runaround_doors_1, grunt_runaround_doors_2,
          grunt_runaround_doors_3, grunt_runaround_doors_4,
          grunt_runaround_loot], hell_entry, abyss_entry
Depths:3: evilmike_marble_ring, layout_cave_pools, hell_entry,
          grunt_pan_entry_zigzag, hangedman_decor_growths, kennysheep_nub,
          lemuel_flame_loot_1
Depths:4: minmay_the_grid_triangle_9x9_rhombus_thin_mashed
          [minmay_the_grid_triangle_9x9_shrine,
          minmay_the_grid_triangle_9x9_prize_special,
          minmay_the_grid_triangle_9x9_windchime,
          minmay_the_grid_triangle_9x9_odd_lines], layout_gridlike,
          enter_ziggurat_f, hangedman_abyss_entry_splay,
          minmay_misc_feat_more_columns, hell_entry,
          evilmike_spriggan_trog_shrine, infiniplex_staircase_squiggle
Depths:5: evilmike_zot_entry_argh, layout_basic, hell_entry, abyss_entry,
          corexii_hall_statues_x, uniq_frederick
Zot:1:    layout_gridlike, bh_zot_levy_curve, grunt_megastairs_5
Zot:2:    circus_mu, layout_onion_interference
Zot:3:    layout_gridlike, zot_minivault_1
Zot:4:    layout_basic
Zot:5:    layout_misc_corridors, ebering_ghost_inner_flame

Skill      XL: |  1  2  3  4  5  6  7  8  9 10 11 12 13 14 15 16 17 18 19 20 21 22 23 24 25 26 27 |
---------------+----------------------------------------------------------------------------------+-----
Armour         | 5 6 7 8 10 12 13 14 15 16 17 18 19 20 | 20.1
Maces & Flails | 3 4 5 6 8 9 9 10 11 12 13 14 15 16 17 18 19 20 21 | 21.5
Fighting       | 2 3 4 5 6 7 8 9 10 11 12 13 14 15 16 18 | 18.5
Dodging        | 1 2 3 4 5 6 7 8 |  8.3
Stealth        | 1 2 3 4 0 |  0.0
Shields        | 3 5 7 8 10 12 13 14 15 16 17 18 19 20 21 22 23 25 | 25.2
Evocations     | 2 3 4 6 7 8 9 10 11 12 13 14 15 | 15.6
Axes           | 1 |  1.6
Crossbows      | 0 |  0.8
Throwing       | 1 2 3 5 8 |  8.5

Action                   |  1- 3 |  4- 6 |  7- 9 | 10-12 | 13-15 | 16-18 | 19-21 | 22-24 | 25-27 || total
-------------------------+-------+-------+-------+-------+-------+-------+-------+-------+-------++-------
Melee: Mace              |    80 |   199 |   253 |       |       |       |       |       |       ||   532
       Whip              |       |       |   193 |   931 |   407 |       |       |       |       ||  1531
       War axe           |       |       |    10 |     9 |    30 |       |       |       |       ||    49
       Dire flail        |       |       |       |       |  1243 |  1666 |  1520 |  1127 |       ||  5556
       Flail             |       |       |       |       |       |    35 |    10 |    57 |     9 ||   111
       Great mace        |       |       |       |       |       |       |       |   281 |  1810 ||  2091
Throw: Javelin           |       |       |       |     9 |    29 |    24 |       |     8 |    17 ||    87
Invok: Sacrifice Health  |       |       |     1 |     1 |       |       |       |       |       ||     2
       Sacrifice Skill   |       |       |       |     1 |       |       |       |       |       ||     1
       Draw Out Power    |       |       |       |       |     4 |       |       |     2 |     3 ||     9
       Sacrifice Stealth |       |       |       |       |     1 |       |       |       |       ||     1
       Sacrifice Arcana  |       |       |       |       |     1 |       |       |       |       ||     1
       Power Leap        |       |       |       |       |     1 |     2 |       |     3 |     5 ||    11
       Apocalypse        |       |       |       |       |     1 |     3 |     4 |     7 |     6 ||    21
       Sacrifice Purity  |       |       |       |       |     1 |       |       |       |       ||     1
 Abil: Dig               |       |       |       |     1 |     2 |     1 |     3 |       |     1 ||     8
       Evoke Fog         |       |       |       |       |       |     5 |     1 |     7 |    10 ||    23
Evoke: Wand              |       |       |    19 |    11 |    10 |     4 |     2 |    15 |     7 ||    68
       Lightning rod     |       |       |       |     4 |     1 |     8 |       |     4 |       ||    17
       Box of beasts     |       |       |       |       |       |     1 |       |     2 |     1 ||     4
       Phial of floods   |       |       |       |       |       |       |       |       |     1 ||     1
  Use: Scroll            |       |     5 |     3 |    10 |    19 |     7 |     8 |    12 |    19 ||    83
       Potion            |       |     1 |     3 |     2 |     5 |     3 |     7 |    18 |    20 ||    59
 Stab: Invisible         |       |       |       |     9 |     7 |    13 |     9 |     3 |    14 ||    55
       Distracted        |       |       |       |     1 |     3 |    13 |    11 |     5 |     5 ||    38
       Paralysed         |       |       |       |       |    11 |    12 |    11 |    17 |    11 ||    62
       Petrified         |       |       |       |       |     2 |     9 |       |       |       ||    11
  Eat: Chunk             |     2 |     4 |    18 |    27 |    29 |    29 |    17 |    13 |    15 ||   154
       Ration            |       |     1 |     2 |     2 |     6 |     7 |     7 |    12 |    16 ||    53
Armor: Ring mail         |    48 |    98 |    36 |    40 |       |       |       |       |       ||   222
       Scale mail        |       |       |   101 |    30 |       |       |       |       |       ||   131
       Plate armour      |       |       |       |   228 |   602 |   564 |   426 |   574 |   660 ||  3054
Dodge: Dodged            |    53 |   125 |   223 |   171 |   187 |   149 |   137 |   170 |   211 ||  1426
       Deflected         |       |       |     6 |    10 |    10 |       |       |       |       ||    26
Block: Buckler           |       |       |    56 |   107 |    88 |       |       |       |       ||   251
       Shield            |       |       |       |       |   592 |   904 |   762 |   992 |  1549 ||  4799
       Reflection        |       |       |       |       |       |       |       |    39 |    58 ||    97
